Unix NetHack Version 5.0.0-0 post-release - last build May  4 2026 22:22:43 (774f63e81ad911689b3a0859ea89b322d5daca8d,branch:main).

Game began 2026-05-07 00:15:45, ended 2026-05-07 01:33:15.

BeardyHaddock, lawful female human Archeologist

                           ------
                     ######.....|
          ############     |....|                               ---------
         #####-------     #.....|                              #-..*....|
 ------##### #|...).|     #|...<|        ----------------  #####|.).(...|
 |.....#######.....||     #|....-###     |....(..........#######..).....|
 |....|#  #  #|......## ###------  ###   |..............|#      ---------
 |...>.####   |.....|####            ####...............-#
 |....|       ----.--##                  -|--------------
 |....+              ###                  #
 ------                ######
                      ######-----+-
                           #......|
                            |......###############
                            |...{.|              ##           ---.---
                            -|-----               ############|b^r$.|
                             #                               #-.@B..|
                                                              ---+---

BeardyHaddock the Field Worker  St:13 Dx:9 Co:12 In:16 Wi:12 Ch:13  Lawful
Dlvl:4  $:62 HP:0(27) Pw:8(8) AC:8  Xp:3 T:1452  Satiated

Latest messages:
 The giant rat bites!
 You are caught in a bear trap.
 You are caught in a bear trap.
 The giant rat just misses!
 The giant rat misses!
 You are caught in a bear trap.
 The giant rat bites!
 You are caught in a bear trap.
 The giant rat bites!
 You are caught in a bear trap.
 The giant rat bites!
 The giant rat misses!
 You stop.  Your housecat is in the way!
 The giant rat bites!
 You are caught in a bear trap.
 The giant rat bites!
 Your leg feels better.
 Your movements are now unencumbered.
 You are caught in a bear trap.
 You are caught in a bear trap.
 The giant rat bites!
 You are caught in a bear trap.
 The giant rat bites!
 You stop.  Your housecat is in the way!
 The giant rat misses!
 You stop.  Your housecat is in the way!
 The giant rat bites!
 You are caught in a bear trap.
 The giant rat bites!
 You are caught in a bear trap.
 The giant rat bites!
 You are caught in a bear trap.
 The giant rat bites!
 You are caught in a bear trap.
 The giant rat bites!
 You are caught in a bear trap.
 The giant rat bites!
 You are caught in a bear trap.
 The giant rat bites!
 You hear some noises.
 You are caught in a bear trap.
 The giant rat just misses!
 You are caught in a bear trap.
 The giant rat bites!
 You die...
 Do you want your possessions identified? [ynq] (y) n
 Do you want to see your attributes? [ynq] (y) n
 Do you want an account of creatures vanquished? [ynaq] (y) n
 Do you want to see your conduct and achievements? [ynq] (y) n
 Do you want to see the dungeon overview? [ynq] (y) n

Inventory:
 Coins    ('$')
  $ - 62 gold pieces
 Weapons  (')')
  y - a cursed -2 elven dagger
  a - a +3 bullwhip (weapon in right hand)
 Armor    ('[')
  c - an uncursed +0 fedora (being worn)
  H - an uncursed +0 pair of low boots (being worn)
  b - an uncursed +0 leather jacket (being worn)
 Comestibles  ('%')
  d - 4 uncursed food rations
  v - a blessed rotten tin of bat meat
  w - an uncursed tin of spinach
 Scrolls  ('?')
  x - an uncursed scroll of genocide
  D - an uncursed scroll of teleportation
  s - a cursed scroll of teleportation
 Spellbooks  ('+')
  u - an uncursed spellbook of detect monsters
  m - an uncursed spellbook of healing
  l - an uncursed spellbook of light
 Potions  ('!')
  n - a blessed potion of healing
 Rings    ('=')
  E - an uncursed ring of free action
  k - a cursed ring of hunger
  F - an uncursed ring of polymorph control
  o - a cursed ring of see invisible
 Wands    ('/')
  B - a wand of sleep (0:5)
 Tools    ('(')
  j - an empty uncursed bag of holding
  i - an uncursed oil lamp
  G - an uncursed oil lamp
  e - a +0 pick-axe (alternate weapon; not wielded)
  f - a tinning kit (0:89)
  q - an uncursed towel
 Gems/Stones  ('*')
  C - an uncursed emerald
  p - an uncursed jet stone
  z - an uncursed luckstone
  g - an uncursed touchstone

BeardyHaddock the Archeologist's attributes:

Background:
 You were a Field Worker, a level 3 female human Archeologist.
 You were lawful, on a mission for Quetzalcoatl
 who was opposed by Camaxtli (neutral) and Huhetotl (chaotic).
 You were right-handed.
 You were in the Dungeons of Doom, on level 4.
 You entered the dungeon 1452 turns ago.
 It was nighttime.
 You had 62 experience points, 18 more were needed to attain level 4.

Basics:
 You had 0 out of 27 hit points.
 You had all 8 energy points (spell power).
 Your armor class was 8.
 Your wallet contained 62 zorkmids.
 Autopickup was off.

Final Characteristics:
 Your strength was 13 (limit:18/100).
 Your dexterity was 9 (limit:18).
 Your constitution was 12 (limit:18).
 Your intelligence was 16 (limit:18).
 Your wisdom was 12 (limit:18).
 Your charisma was 13 (limit:18).

Final Status:
 You were trapped in a bear trap.
 You were satiated.
 You were unencumbered.
 You were wielding a whip.
 You had basic skill with whip.

Final Attributes:
 You were devoutly aligned.
 You had automatic searching.
 You were lucky.
 You had extra luck.
 Bad luck did not time out for you.
 Good luck did not time out for you.
 You are dead.

Miscellaneous:
 You didn't encounter any bones levels.
 Total elapsed playing time was 12 minutes and 52 seconds.

Major events:
 Turn
    1: BeardyHaddock the lawful female human Archeologist entered the dungeon
  862: entered the Gnomish Mines
  867: attained the rank of Field Worker (level 3)
 1452: killed by a giant rat

You didn't know any spells.

Skills:
 Fighting Skills
   bare handed combat [Unskilled]
   two weapon combat  [Unskilled]
   riding             [Unskilled]
 Weapon Skills
   dagger             [Unskilled]
   knife              [Unskilled]
   pick-axe           [Basic]
   short sword        [Unskilled]
   saber              [Unskilled]
   club               [Unskilled]
   quarterstaff       [Unskilled]
   sling              [Unskilled]
   dart               [Unskilled]
   boomerang          [Unskilled]
   whip               [Basic]
   unicorn horn       [Unskilled]
 Spellcasting Skills
   attack spells      [Unskilled]
   healing spells     [Unskilled]
   divination spells  [Unskilled]
   matter spells      [Unskilled]

Voluntary challenges:
 Character rerolling was not enabled.
 You never genocided any monsters.
 You never polymorphed an object.
 You never changed form.
 You used no wishes.
Achievements:
 You entered the Gnomish Mines.
 You attained the rank of Field Worker.

 The Dungeons of Doom: levels 1 to 4
    Level 1:
       Many fountains.
    Level 2:
       A fountain.
    Level 3:
       An altar.
       Stairs down to The Gnomish Mines.
    Level 4: <- You were here.
       A fountain, a grave.
       Final resting place for
          you, killed by a giant rat.
 The Gnomish Mines:
    Level 4:


Vanquished creatures:
  a gnome leader
  a giant bat
  a hobbit
  a yellow mold
  a green mold
  8 gnomes
  4 jackals
  2 foxes
  a kobold
  3 goblins
  a sewer rat
 12 grid bugs
  a bat
  a lichen
  a kobold zombie
  5 newts
44 creatures vanquished.

No species were genocided or became extinct.

Game over:
                       ----------
                      /          \
                     /    REST    \
                    /      IN      \
                   /     PEACE      \
                  /                  \
                  |  BeardyHaddock   |
                  |      62 Au       |
                  |   killed by a    |
                  |    giant rat     |
                  |                  |
                  |                  |
                  |       2026       |
                 *|     *  *  *      | *
        _________)/\\_//(\/(/\)/\//\/|_)_______

Goodbye BeardyHaddock the Archeologist...

You died in The Dungeons of Doom on dungeon level 4 with 454 points,
and 62 pieces of gold, after 1452 moves.
You were level 3 with a maximum of 27 hit points when you died.

